Map: Dusk Towers

Players

MaFaraZzo - Winner!

  • Race: Protoss Protoss
  • League: Master

Earendil

  • Race: Zerg Zerg
  • League: Diamond

VOD

Have the link to the VOD?

Description

Time

  • Played on: Jan. 14, 2016, 12:37 p.m.
  • Length: 11:18
Show
View Real Time Build Order
Export as new Build Order

MaFaraZzo Protoss - Winner!

Build Orders: 1 Gate Expand, Phoenix Opening 

Get SALT Encoding   

  12  0:01  Probe (Chrono Boost)  
  13  0:11  Probe (Chrono Boost)  
  14  0:17  Pylon  
  14  0:22  Probe (Chrono Boost)  
  15  0:36  Probe (Chrono Boost)  
  15  0:37  Gateway  
  16  0:46  Probe (Chrono Boost)  
  16  0:49  Assimilator  
  18  0:57  Probe (Chrono Boost)  
  18  1:07  Probe (Chrono Boost)  
  19  1:22  Nexus  
  19  1:25  Probe (Chrono Boost)  
  20  1:36  Probe (Chrono Boost)  
  20  1:39  Cybernetics Core  
  22  1:47  Probe (Chrono Boost)  
  22  1:48  Assimilator  
  22  1:56  Pylon  
  22  1:58  Probe (Chrono Boost)  
  24  2:17  Probe (Chrono Boost), Adept  
  24  2:21  Stargate  
  26  2:27  Probe (Chrono Boost)  
  26  2:28  Warp Gate  
  27  2:39  Probe (Chrono Boost)  
  27  2:40  Probe (Chrono Boost)  
  29  2:51  Mothership Core (Chrono Boost), Probe (Chrono Boost)  
  32  3:01  Probe (Chrono Boost)  
  32  3:03  Phoenix (Chrono Boost)  
  35  3:09  Probe (Chrono Boost)  
  36  3:12  Probe (Chrono Boost)  
  37  3:22  Probe (Chrono Boost)  
  37  3:23  Nexus  
  37  3:24  Probe (Chrono Boost)  
  37  3:26  Phoenix  
  41  3:39  Probe (Chrono Boost)  
  41  3:40  Probe (Chrono Boost)  
  43  3:48  Pylon  
  43  3:49  Probe (Chrono Boost)  
  43  3:51  Probe (Chrono Boost), Pylon  
  45  4:00  Probe (Chrono Boost)  
  46  4:06  Probe (Chrono Boost), Phoenix (Chrono Boost)  
  46  4:07  Robotics Facility  
  49  4:10  Probe (Chrono Boost)  
  49  4:14  Gateway  
  49  4:17  Probe (Chrono Boost)  
  51  4:19  Probe  
  51  4:20  Gateway  
  52  4:29  Probe x2  
  54  4:32  Phoenix (Chrono Boost)  
  54  4:35  Probe  
  54  4:36  Assimilator  
  57  4:40  Probe, Assimilator  
  57  4:41  Probe  
  59  4:45  Probe  
  59  4:50  Probe  
  61  4:53  Probe, Phoenix (Chrono Boost)  
  61  4:57  Probe  
  65  5:04  Probe  
  65  5:06  Probe  
  67  5:09  Probe  
  67  5:12  Observer (Chrono Boost)  
  69  5:15  Probe, Pylon, Phoenix (Chrono Boost)  
  69  5:20  Gateway  
  72  5:21  Forge  
  72  5:26  Probe  
  72  5:27  Probe  
  73  5:28  Probe  
  75  5:37  Probe  
  75  5:38  Probe  
  75  5:39  Warp Prism (Chrono Boost)  
  75  5:41  Probe  
  75  5:42  Pylon  
  80  5:47  Pylon  
  80  5:48  Probe  
  81  5:53  Gateway  
  81  5:54  Probe, Gateway  
  81  5:55  Probe, Protoss Ground Weapons Level 1 (Chrono Boost)  
  81  5:57  Gateway, Assimilator  
  83  5:59  Gateway  
  83  6:02  Probe, Twilight Council  
  84  6:04  Probe  
  84  6:06  Sentry x2  
  84  6:07  Probe  
  90  6:24  Immortal (Chrono Boost)  
  90  6:28  Charge (Chrono Boost)  
  90  6:29  Probe, Zealot  
  90  6:30  Zealot x2  
  101  6:33  Pylon  
  101  6:34  Pylon  
  101  6:36  Pylon  
  101  6:38  Gateway, Pylon  
  101  6:40  Gateway  
  101  6:41  Assimilator  
  101  6:51  Probe  
  102  6:56  Gateway  
  102  6:57  Gateway, Adept x2  
  102  6:59  Gateway, Adept x2  
  110  7:06  Zealot x3  
  116  7:08  Immortal  
  116  7:09  Templar Archives  
  120  7:24  Zealot x4  
  128  7:30  Adept  
  128  7:31  Adept  
  128  7:35  Adept  
  122  7:45  Pylon  
  122  7:47  Pylon  
  122  7:50  Sentry x3, Pylon  
  124  7:51  High Templar x2  
  126  8:02  Archon  
  126  8:03  High Templar x2  
  128  8:11  Pylon  
  128  8:13  Pylon, Archon  
  128  8:14  Zealot  
  128  8:15  Zealot x5, Blink  
  128  8:16  Zealot x3  
  128  8:17  Pylon  
  146  8:20  Immortal  
  146  8:26  Protoss Ground Weapons Level 2 (Chrono Boost)  
  150  8:31  Zealot x2  
  147  8:44  Zealot x3  
  147  8:45  Zealot x5  
  145  8:59  Zealot x3  
  145  9:00  Zealot x2  
  139  9:03  Immortal  
  139  9:08  Zealot  
  139  9:09  Zealot x2  
  141  9:14  High Templar x2  
  141  9:15  High Templar x2  
  149  9:17  Zealot  
  149  9:19  Archon x2  
  139  9:34  Nexus  
  133  9:41  Zealot x5  
  133  9:42  Zealot x3  
  135  9:55  Zealot x4  
  135  9:56  Zealot  
  137  10:07  Zealot x2  
  137  10:08  Zealot x4  
  141  10:24  High Templar x4  
  141  10:25  High Templar x3  
  141  10:28  Archon x3  
  143  10:39  Zealot x2  
  139  10:51  High Templar x2  
  139  10:53  Zealot, High Templar  
  139  10:56  Archon  
  147  10:58  Archon  
  147  11:03  Zealot  
  147  11:04  Zealot x6  
Show
View Real Time Build Order
Export as new Build Order

Earendil Zerg 

Build Orders: 3 Hatch before Pool 

Get SALT Encoding   

  12  0:01  Drone  
  13  0:12  Overlord  
  13  0:17  Drone  
  14  0:30  Drone x2  
  14  0:35  Drone  
  17  0:53  Hatchery  
  17  0:56  Drone  
  17  1:17  Hatchery  
  16  1:20  Drone  
  16  1:23  Drone  
  18  1:36  Spawning Pool  
  17  1:42  Drone  
  17  1:44  Drone  
  17  1:46  Drone  
  20  1:57  Drone  
  21  2:01  Extractor  
  21  2:06  Drone x2  
  22  2:20  Drone x2  
  24  2:24  Queen  
  24  2:25  Queen  
  24  2:29  Queen  
  30  2:35  Overlord  
  30  2:39  Zergling x2  
  30  2:40  Zergling x2  
  32  2:46  Drone x2  
  34  2:53  Drone x3  
  34  2:56  Drone  
  38  3:03  Metabolic Boost  
  38  3:07  Drone  
  39  3:14  Drone x2  
  39  3:15  Drone  
  39  3:17  Overlord  
  39  3:18  Overlord  
  42  3:26  Drone, Extractor  
  42  3:30  Roach Warren  
  41  3:38  Drone  
  41  3:39  Drone x2  
  41  3:40  Drone x4  
  47  3:42  Drone x2  
  47  3:44  Drone  
  47  3:46  Drone  
  47  3:47  Drone  
  52  3:49  Drone  
  52  3:53  Drone x2  
  55  3:58  Lair  
  55  4:02  Overlord, Extractor  
  54  4:05  Extractor  
  54  4:06  Overlord  
  53  4:17  Overlord  
  53  4:21  Drone  
  54  4:24  Overlord  
  54  4:25  Evolution Chamber x2  
  54  4:29  Drone, Spore Crawler  
  54  4:30  Drone  
  54  4:31  Drone x6  
  56  4:36  Drone x3  
  61  4:39  Spore Crawler  
  61  4:43  Drone x3  
  61  4:44  Drone x2  
  65  4:48  Drone x2  
  65  4:51  Zerg Missile Weapons Level 1  
  67  4:54  Zerg Ground Armor Level 1  
  66  5:04  Drone x4  
  68  5:08  Glial Reconstitution  
  68  5:09  Overlord x2  
  68  5:11  Spore Crawler  
  67  5:15  Hydralisk Den  
  67  5:16  Extractor  
  67  5:17  Extractor  
  67  5:20  Drone  
  67  5:21  Drone x2  
  67  5:22  Drone x3  
  67  5:25  Drone  
  67  5:26  Drone x4  
  74  5:33  Roach x3  
  74  5:34  Overlord  
  80  5:45  Hydralisk x3, Muscular Augments  
  83  5:52  Drone x3  
  86  5:57  Hydralisk  
  86  5:58  Hydralisk  
  86  6:01  Overlord  
  86  6:03  Hatchery  
  89  6:07  Hydralisk x2  
  89  6:10  Overlord x2  
  93  6:12  Overseer  
  91  6:19  Hydralisk x2  
  91  6:20  Hydralisk  
  91  6:24  Hydralisk x3  
  97  6:28  Queen  
  97  6:30  Hydralisk  
  101  6:33  Hydralisk  
  101  6:34  Hydralisk  
  101  6:36  Hydralisk  
  101  6:38  Hydralisk  
  109  6:41  Hydralisk  
  111  6:48  Zerg Missile Weapons Level 2  
  111  6:52  Zergling x12  
  117  6:55  Zerg Ground Armor Level 2  
  117  7:04  Overlord x4  
  117  7:05  Drone  
  117  7:06  Hydralisk  
  120  7:08  Hydralisk  
  120  7:12  Lurker Den  
  122  7:17  Drone x2  
  122  7:19  Spore Crawler  
  110  7:38  Hydralisk x4  
  110  7:39  Hydralisk  
  110  7:43  Drone x2  
  110  7:44  Drone  
  119  7:47  Hydralisk x4  
  125  8:02  Roach x6  
  137  8:16  Infestation Pit  
  137  8:17  Drone x2  
  137  8:22  Roach x4  
  137  8:24  Hatchery  
  137  8:26  Ravager x3  
  147  8:30  Hatchery  
  146  8:35  Drone x2  
  146  8:36  Drone  
  134  8:45  Roach  
  134  8:46  Roach x10  
  151  8:55  Roach x3  
  133  9:04  Roach x2  
  133  9:05  Hydralisk x3  
  133  9:06  Hydralisk  
  133  9:08  Hydralisk  
  124  9:13  Hydralisk  
  124  9:14  Roach  
  124  9:15  Hydralisk  
  130  9:18  Hydralisk  
  130  9:21  Hydralisk x2  
  130  9:22  Hydralisk  
  138  9:30  Hydralisk  
  134  9:31  Zergling x4  
  134  9:32  Zergling x2  
  124  9:41  Hydralisk x2  
  124  9:42  Hydralisk x3  
  127  9:48  Roach x2  
  127  9:49  Roach  
  117  9:55  Hydralisk x3  
  117  9:57  Zergling x4  
  118  10:06  Hydralisk x3  
  112  10:07  Zergling x6  
  112  10:13  Hydralisk, Roach x2  
  109  10:16  Roach x2  
  109  10:18  Hydralisk  
  113  10:24  Hydralisk  
  113  10:25  Roach x2  
  114  10:29  Roach x2  
  105  10:36  Hydralisk, Roach  
  105  10:37  Roach  
  105  10:38  Hydralisk  
  109  10:46  Hydralisk x2  
  109  10:47  Roach x2  
  103  10:51  Hydralisk x2  
  103  10:53  Roach  
Tags
 
Add a new tag
Caveats
  • Supply blocks, unpowered buildings, or Contaminate may cause inaccurate times.
  • Supply counts are checked every 10 seconds.